 Dungeon Crawl Stone Soup version 0.29-a0-344-ge2f44be95a (webtiles) character file.

Game seed: 10039768826992175925

54 Enlil the Sneak (level 3, -6/24 HPs)
             Began as a Vampire Enchanter on Apr 22, 2022.
             Mangled by a worm (8 damage)
             ... on level 2 of the Dungeon.
             The game lasted 00:09:11 (1479 turns).

Enlil the Sneak (Vampire Enchanter)                 Turns: 1479, Time: 00:09:12

Health: -6/24      AC:  6    Str: 13    XL:     3   Next: 66%
Magic:  2/2        EV: 13    Int: 17    God:
Gold:   67         SH:  0    Dex: 22    Spells: 5/6 levels left

rFire   . . .      SeeInvis +   o - +0 dagger (antimagic)
rCold   . . .      Faith    .   (no shield)
rNeg    . . .      Spirit   .   p - +0 steam dragon scales
rPois   .          Reflect  .   (no helmet)
rElec   .          Harm     .   (no cloak)
rCorr   .          Rampage  .   (no gloves)
Will    .....                   i - +0 pair of boots
Stlth   +++.......              (no amulet)
HPRegen 0.28/turn               e - +6 ring of dexterity
MPRegen 0.08/turn               l - +6 ring of strength

@: healing quickly
A: alive, fangs 3, see invisible, vampiric 2
a: Exsanguinate


You were on level 2 of the Dungeon.
You visited 1 branch of the dungeon, and saw 2 of its levels.

You collected 67 gold pieces.

Inventory:

Hand Weapons
 a - a +1 dagger
 o - a +0 antimagic dagger (weapon)
Missiles
 h - 4 poisoned darts (quivered)
Armour
 i - a +0 pair of boots (worn)
 p - +0 steam dragon scales (worn)
Jewellery
 e - a +6 ring of dexterity (left hand)
 l - a +6 ring of strength (right hand)
Scrolls
 b - a scroll of teleportation {unknown}
 d - 2 scrolls of identify
 k - a scroll of fog {unknown}
 n - 2 scrolls of torment {unknown}
 q - a scroll of silence {unknown}
Potions
 c - 2 potions of invisibility
 f - a potion of resistance {unknown}
 g - a potion of cancellation {unknown}
 j - a potion of haste
 m - a potion of mutation {unknown}


   Skills:
 + Level 0.2 Fighting
 + Level 2.0 Short Blades
 + Level 0.4 Armour
 + Level 2.7 Dodging
 + Level 5.2 Stealth
 + Level 2.0 Spellcasting
 + Level 5.0 Hexes


You had 5 spell levels left.
You knew the following spells:

 Your Spells              Type           Power      Damage    Failure   Level
a - Sting                 Tmut/Pois      4%         1d3       19%         1

Your spell library contained the following spells:

 Spells                   Type           Power      Damage    Failure   Level
 Confusing Touch          Hex            19%        N/A       7%          3
 Tukima's Dance           Hex            19%        N/A       7%          3
 Ensorcelled Hibernation  Hex/Ice        20%        N/A       11%         2
 Dazzling Flash           Conj/Hex       20%        N/A       21%         3
 Poisonous Vapours        Pois/Air       2%         N/A       28%         2
 Olgreb's Toxic Radiance  Pois           1%         N/A       88%         4


Dungeon Overview and Level Annotations

Branches:
Dungeon (2/15)

Altars:

Shops:
D:1 :


Innate Abilities, Weirdness & Mutations

Your natural rate of healing is accelerated.
You have razor-sharp teeth.
You have supernaturally acute eyesight. (SInv)
You are afflicted with vampirism and can become a bat while bloodless.


Message History

The worm barely misses you.
You hit the worm but do no damage.
The worm is lightly wounded.
Casting: Sting (safe; 19% risk of failure)
Confirm with . or Enter, or press ? or * to list all spells.
Aiming: Sting (safe; 19% risk of failure)
Press: ? - help, Shift-Dir - straight line, f - worm
Aim: a worm (lightly wounded, 88% to hit)
The sting hits the worm.
The worm is poisoned.
The worm is moderately wounded.
The worm bites you but does no damage.
You hit the worm. You bite the worm.
The worm is moderately wounded.
The worm bites you.
* * * LOW HITPOINT WARNING * * *
There is an open door here.
You start resting.
A worm is nearby!
You hit the worm but do no damage.
The worm is lightly wounded.
You hit the worm.
The worm is moderately wounded.
The worm completely misses you.
You hit the worm. You bite the worm.
The worm is heavily wounded.
You hit the worm. You bite the worm.
The worm is almost dead.
The worm misses you.
You completely miss the worm. You bite the worm, but do no damage.
The worm is severely wounded.
You hit the worm.
The worm is almost dead.
The worm bites you!
* * * LOW HITPOINT WARNING * * *
You hit the worm but do no damage.
The worm is severely wounded.
You hit the worm.
The worm is almost dead.
The worm bites you!
You die...

#... #... #... #... .J...# ###...
...... ####### ######......
...... #.#.#.'.# ###...........
?.....####...w.#w###........#####
........###..###@#........####
.........#$.. #..#.##........#
.........#$!####.#....##..(..####
......†..####.#..#..####.....#...
##.#.............#....##.......##
#.....#########...)...........
##............................
#......).........###.....####
##.#.............#.......#


You could see a worm.

Vanquished Creatures
  An adder (D:2)
  A worm (D:2)
  3 dart slugs
  4 endoplasms
  A giant cockroach (D:1)
  2 goblins (D:2)
  4 hobgoblins
  3 ball pythons
  3 bats
  7 frilled lizards
  6 kobolds
  2 rats
37 creatures vanquished.

Notes
Turn   | Place    | Note
-------+----------+-------------------------------------------
     0 | D:1      | Enlil the Vampire Enchanter began the quest for the Orb.
     0 | D:1      | Reached XP level 1. HP: 13/13 MP: 3/3
   125 | D:1      | Found a faded altar of an unknown god.
   139 | D:1      | Reached XP level 2. HP: 13/19 MP: 5/5
   446 | D:1      | Found Vaqa's Book Emporium.
   598 | D:1      | Reached skill level 5 in Hexes
  1046 | D:2      | Learned a level 1 spell: Sting
  1144 | D:2      | Gained mutation: You are afflicted with vampirism and can
                  | become a bat while bloodless. [Vampire growth]
  1144 | D:2      | Reached XP level 3. HP: 14/24 MP: 2/6
  1150 | D:2      | Reached skill level 5 in Stealth
  1479 | D:2      | Mangled by a worm

Illustrated notes

Levels and vault maps discovered:
D:1:      dpeg_arrival_court, layout_basic, shapermc_ecumenical_altar_venn,
          serial_shops, shop
D:2:      minmay_wonky_spiral, layout_rooms, kennysheep_big_empty_room

Skill      XL: |  1  2  3 |
---------------+----------+-----
Hexes          | 5 |  5.0
Stealth        | 5 |  5.2
Short Blades   | 2 |  2.0
Fighting       | |  0.2
Armour         | |  0.4
Dodging        | |  2.7
Spellcasting   | |  2.0

Action                   || total
-------------------------++-------
Melee: Dagger            ||   139
       Bite              ||    17
       Punch             ||     1
 Cast: Sting             ||     4
  Use: Scroll            ||     1
 Stab: Sleeping          ||     8
Armor: Robe              ||     4
       Leather armour    ||     9
       Steam dragon scal ||    27
Dodge: Dodged            ||    95

Table legend: (Time is in decaauts)
 A = Elapsed time spent in this place.
 B = Non-inter-level travel time spent in this place.
 C = Inter-level travel time spent in this place.
 D = Time resting spent in this place.
 E = Time spent auto-exploring this place.
 F = Levels seen in this place.
 G = Mean time per level.
                   A        B        C        D        E       F      G
               +--------+--------+--------+--------+--------+-----+--------+
         Total |   1467 |   1467 |      0 |    164 |    694 |   2 |  733.5 |
       Dungeon |   1467 |   1467 |      0 |    164 |    694 |   2 |  733.5 |
               +--------+--------+--------+--------+--------+-----+--------+

Top non-repeatable levels by time:
     D:1: 1013 daAuts
     D:2: 454 daAuts
